 Dungeon Sprint DCSS version 0.22.1-1-ga44c0e56f4 (webtiles) character file.

2928 MuseOD the Impaler (level 9, -2/120 (132) HPs)
             Began as a Merfolk Berserker on Oct 5, 2018.
             Was a High Priest of Trog.
             Succumbed to a death drake's dark miasma
             ... in the Dungeon (Sprint II: "The Violet Keep of Menkaure").
             The game lasted 00:01:55 (701 turns).

MuseOD the Impaler (Merfolk Berserker)               Turns: 701, Time: 00:01:56

HP:   -2/120 (132)  AC:  2    Str: 25    XL:     9   Next: 79%
MP:   9/9           EV: 18    Int:  7    God:    Trog [*****.]
Gold: 579           SH:  0    Dex: 13    Spells: 8/8 levels left

rFire    . . .     SeeInvis .   a - +0 spear
rCold    . . .     Gourm    .   (no shield)
rNeg     . . .     Faith    .   b - +0 animal skin
rPois    .         Spirit   .   (no helmet)
rElec    .         Reflect  .   (no cloak)
rCorr    .         Harm     .   (no gloves)
MR       .....     NoTele   +   (no boots)
Stlth    ..........             (no amulet)
HPRegen  0.00/turn              (no ring)
MPRegen  0.11/turn              (no ring)

@: berserking (expiring), lethally poisoned (-2 -> -196), non-regenerating,
diseased, slowed
A: change form in water, swift swim, stealthy swim
a: Berserk, Trog's Hand, Brothers in Arms, Renounce Religion


You were in the Dungeon.
You worshipped Trog.
Trog was extremely pleased with you.
You were hungry.

You visited 1 branch You collected 579 gold pieces.

Inventory:

Hand Weapons
 a - a +0 spear (weapon)
Armour
 b - a +0 animal skin (worn)
Scrolls
 i - a scroll of blinking
Potions
 d - a potion of curing
 e - a potion of heal wounds
 f - a potion of haste
 g - 2 potions of magic
 h - a potion of berserk rage
Comestibles
 c - a ration
 j - 2 chunks of flesh


   Skills:
 + Level 14.7 Fighting
 + Level 18.7 Polearms
 + Level 5.0 Armour
 + Level 10.3 Dodging
 + Level 2.1 Stealth


You had 8 spell levels left.
You didn't know any spells.
Your spell library was empty.

Dungeon Overview and Level Annotations

Branches:
Dungeon (1/1)

Altars:
Dithmenos
Elyvilon
Fedhas
Gozag
Kikubaaqudgha
Makhleb
Nemelex Xobeh
Okawaru
Ru
Sif Muna
Trog
Uskayaw
Vehumet
Wu Jian
Xom
Yredelemnul
Zin
The Shining One
Jiyva
Lugonu

Shops:
D ?[[[[=!!}%!

Annotations:
D exclusion: obsidian statue


Message History

You are engulfed in dark miasma.
You are more poisoned.
You feel your flesh rotting away!
* * * LOW HITPOINT WARNING * * *
x2 You feel very sick.
The death drake bites you.
* * * LOW HITPOINT WARNING * * *
You puncture the death drake!
The death drake is heavily wounded.
* * * LOW HITPOINT WARNING * * *
You feel very sick.
You barely miss the death drake.
The death drake is heavily wounded.
* * * LOW HITPOINT WARNING * * *
You feel very sick. The death drake misses you.
Unknown command.
You are too berserk!
You puncture the death drake!
The death drake is severely wounded.
You die...

..## ...## ...#!## ..#..#
# ##.. #.#k.# . .##.####
+.##@# .#..# ...#
#...#### ...# #..##
##†^##.# #)# .##..#
+..#..# #.##w..#..#
#.^#.)# .<.+#
+..####..##(#
#.##..$#....###...##▓▓
#÷## w##......≈≈≈≈≈≈≈≈≈≈≈
...####≈≈.....≈#+########


You could see a death drake.

Vanquished Creatures
  A crystal guardian (D)
  A merfolk siren (D)
  A yaktaur (D)
  3 polar bears (D)
  A hornet (D)
  A vampire mosquito (D)
  4 necrophages (D)
  3 worms (D)
15 creatures vanquished.

Vanquished Creatures (collateral kills)
  A death drake (D)
  2 swamp drakes (D)
3 creatures vanquished.

Vanquished Creatures (others)
  A crocodile (D)
1 creature vanquished.

Grand Total: 19 creatures vanquished

Notes
Turn   | Place    | Note
-------+----------+-------------------------------------------
     0 | D        | MuseOD the Merfolk Berserker began the quest for the Orb.
     0 | D        | Reached XP level 1. HP: 18/18 MP: 1/1
     1 | D        | Noticed a necrophage
     1 | D        | Noticed a necrophage
     1 | D        | Noticed a necrophage
     1 | D        | Noticed a necrophage
     7 | D        | Killed a necrophage
     7 | D        | Reached skill level 8 in Polearms
     7 | D        | Reached XP level 2. HP: 28/28 MP: 2/2
     7 | D        | Reached XP level 3. HP: 34/34 MP: 3/3
     7 | D        | Reached XP level 4. HP: 40/40 MP: 4/4
    13 | D        | Killed a necrophage
    13 | D        | Reached skill level 10 in Polearms
    13 | D        | Reached skill level 5 in Dodging
    13 | D        | Reached XP level 5. HP: 48/48 MP: 5/5
    16 | D        | Killed a necrophage
    16 | D        | Reached ** piety under Trog
    16 | D        | Reached skill level 11 in Polearms
    16 | D        | Reached XP level 6. HP: 57/57 MP: 6/6
    20 | D        | Killed a necrophage
    20 | D        | Reached skill level 12 in Polearms
   106 | D        | Reached *** piety under Trog
   114 | D        | Reached skill level 10 in Fighting
   162 | D        | Found Wunoif's Distillery.
   163 | D        | Found Daytrif's Food Boutique.
   163 | D        | Found Otzewn's Distillery.
   163 | D        | Found Ograst's Distillery.
   163 | D        | Found Guxeirph's Antique Armour Boutique.
   163 | D        | Found Xuquhiugh's Jewellery Boutique.
   163 | D        | Found Roidaprich's Antique Armour Shop.
   171 | D        | Noticed a merfolk siren
   188 | D        | Killed a merfolk siren
   188 | D        | Reached skill level 14 in Polearms
   188 | D        | Reached XP level 7. HP: 66/67 MP: 7/7
   292 | D        | Noticed a tyrant leech
   292 | D        | Noticed a tyrant leech
   301 | D        | Found Wecras's Antique Armour Shop.
   302 | D        | Found Vessoan's Armour Shop.
   302 | D        | Found Ovion's Magic Scroll Boutique.
   303 | D        | Found Unetre's Gadget Boutique.
   307 | D        | Noticed a vampire mosquito
   319 | D        | Killed a vampire mosquito
   319 | D        | Reached **** piety under Trog
   433 | D        | Noticed an obsidian statue
   444 | D        | Found an iron altar of Okawaru.
   444 | D        | Found an opulent altar of Gozag.
   445 | D        | Found a sparkling altar of Nemelex Xobeh.
   445 | D        | Found a blossoming altar of Fedhas.
   446 | D        | Found a radiant altar of Vehumet.
   446 | D        | Found a burning altar of Makhleb.
   446 | D        | Found a white marble altar of Elyvilon.
   447 | D        | Found a hide-covered altar of Uskayaw.
   447 | D        | Found a corrupted altar of Lugonu.
   447 | D        | Found a shadowy altar of Dithmenos.
   448 | D        | Found a glowing silver altar of Zin.
   448 | D        | Found a bloodstained altar of Trog.
   448 | D        | Found an ancient bone altar of Kikubaaqudgha.
   449 | D        | Found a basalt altar of Yredelemnul.
   449 | D        | Found a deep blue altar of Sif Muna.
   449 | D        | Found a viscous altar of Jiyva.
   450 | D        | Found a shimmering altar of Xom.
   450 | D        | Found a sacrificial altar of Ru.
   451 | D        | Found a glowing golden altar of the Shining One.
   451 | D        | Found an ornate altar of the Wu Jian Council.
   453 | D        | Noticed a yaktaur
   453 | D        | Noticed a hornet
   453 | D        | Noticed a polar bear
   453 | D        | Noticed a polar bear
   460 | D        | Killed a polar bear
   460 | D        | Reached skill level 15 in Polearms
   460 | D        | Reached XP level 8. HP: 75/75 MP: 8/8
   463 | D        | Noticed a polar bear
   468 | D        | Killed a polar bear
   468 | D        | Reached skill level 16 in Polearms
   468 | D        | Reached skill level 1 in Stealth
   475 | D        | Killed a hornet
   487 | D        | Killed a polar bear
   493 | D        | Killed a yaktaur
   493 | D        | Reached skill level 17 in Polearms
   493 | D        | Reached XP level 9. HP: 82/84 MP: 9/9
   656 | D        | Noticed a death drake
   664 | D        | Killed a death drake
   683 | D        | Noticed a death drake
   683 | D        | Noticed a crystal guardian
   695 | D        | Killed a crystal guardian
   695 | D        | Reached ***** piety under Trog
   695 | D        | Reached skill level 18 in Polearms
   695 | D        | Reached skill level 5 in Armour
   695 | D        | Reached skill level 10 in Dodging
   700 | D        | HP: 3/120 [poisoned by a death drake (dark miasma)]
   701 | D        | Succumbed to a death drake's dark miasma

Skill      XL: |  1  2  3  4  5  6  7  8  9 |
---------------+----------------------------+-----
Fighting       | 6 8 9 11 12 13 14 | 14.7
Polearms       | 8 10 11 14 15 17 18 | 18.7
Armour         | 2 3 4 5 |  5.0
Dodging        | 4 5 7 9 10 | 10.3
Stealth        | 1 2 |  2.1

Action                   |  1- 3 |  4- 6 |  7- 9 || total
-------------------------+-------+-------+-------++-------
Melee: Spear             |     5 |    56 |    68 ||   129
Invok: Berserk           |     1 |     1 |     2 ||     4
       Trog's Hand       |       |       |     1 ||     1
       Brothers in Arms  |       |       |     1 ||     1
  Eat: Chunk             |       |       |     3 ||     3
Armor: Animal skin       |       |       |     2 ||     2
Dodge: Dodged            |     1 |     5 |    37 ||    43
